 Dungeon Crawl Stone Soup version 0.31-a0-963-ga325b22 (webtiles) character file.

Game seed: 10282321672623319947

123900 PurpleRed the Fencer (level 16, 0/110 HPs)
             Began as a Deep Elf Berserker on Oct 25, 2023.
             Was the Champion of Trog.
             Shot with an arrow by a deep elf archer (8 damage)
             ... on level 2 of the Elven Halls.
             The game lasted 01:51:57 (11035 turns).

PurpleRed the Fencer (Deep Elf Berserker)          Turns: 11035, Time: 01:51:58

Health: 0/110      AC: 23    Str: 12      XL:     16   Next: 38%
Magic:  18/18      EV: 17    Int: 14 (15) God:    Trog [******]
Gold:   1554       SH:  0    Dex: 19 (20) Spells: 15/15 levels left

rFire   + . .        E - +5 scimitar (vamp)
rCold   + . .        P - +5 Storm Queen's Shield {shock, Fly rElec}
rNeg    . . .        H - +2 ring mail {rC+}
rPois   .            f - +2 helmet
rElec   +            t - +1 cloak
rCorr   +            K - +1 pair of gloves
SInv    .            m - +2 pair of boots
Will    +....        n - amulet "Lusiall" {+Inv rF+ Regen+ rCorr Str-2} Stlth
                     k - +4 ring of protection
HPRegen 1.18/turn    u - +4 ring of slaying
MPRegen 0.16/turn

%: no passive effects
@: confused, flying
A: hooves 1, deterioration 1, electricity resistance
a: Renounce Religion, Evoke Invisibility, Berserk, Trog's Hand, Brothers in Arms


You were on level 2 of the Elven Halls.
You worshipped Trog.
Trog was exalted by your worship.
You visited 5 branches of the dungeon, and saw 25 of its levels.
You also visited: Ossuary, Bailey and Gauntlet.

You collected 2007 gold pieces.
You spent 453 gold pieces at shops.

Inventory:

Hand Weapons
 j - a +4 triple sword
 E - a +5 vampiric scimitar (weapon)
 Z - a +4 scimitar of flaming
Missiles
 J - 8 curare-tipped darts
Armour
 f - a +2 helmet (worn)
 m - a +2 pair of boots (worn)
 q - the +2 pair of gloves of Card Tricks {Harm rPois Str-3}
   (You found it in a Gauntlet)

   Str-3:     It affects your strength (-3).
   rPois:     It protects you from poison Harm: It increases damage dealt and
   taken.
 t - a +1 cloak (worn)
 H - a +2 ring mail of cold resistance (worn)
 K - a +1 pair of gloves (worn)
 P - the +5 Storm Queen's Shield (worn) {shock, Fly rElec}
   (You found it on level 13 of the Dungeon)

   Shock:     When it blocks an attack, it may electrocute the attacker.
   This works even against foes who are a short distance away.
   rElec:     It insulates you from electricity.
   Fly:       It grants you flight.
 Q - the +5 chain mail of Weirdness {Rampage Drain Will+ Str+8}
   (You took it off a tengu warrior on level 14 of the Dungeon)

   Str+8:     It affects your strength (+8).
   Will+:     It increases your willpower.
   Drain:     It drains your maximum health when unequipped.
   Rampage:   It bestows one free step when moving towards enemies.
Jewellery
 d - a ring of positive energy
 i - the ring "Icau" {Str+3 Int+4 Dex-5 SInv}
   (You found it on level 12 of the Dungeon)

   [ring of see invisible]

   Str+3:     It affects your strength (+3).
   Int+4:     It affects your intelligence (+4).
   Dex-5:     It affects your dexterity (-5).
   SInv:      It lets you see invisible.
 k - a +4 ring of protection (left hand)
 n - the amulet "Lusiall" (around neck) {+Inv rF+ Regen+ rCorr Str-2}
   (You took it off a centaur warrior on level 12 of the Dungeon)

   [amulet of regeneration]

   Str-2:     It affects your strength (-2).
   rF+:       It protects you from fire.
   +Inv:      It lets you turn invisible.
   Regen+:    It increases your rate of health regeneration.
   rCorr:     It protects you from acid and corrosion.
 r - a ring of ice
 u - a +4 ring of slaying (right hand)
 A - a +6 ring of dexterity
 M - the ring of Rumef {rCorr MP+9 Dex+4}
   (You took it off a deep elf pyromancer on level 12 of the Dungeon)

   [ring of magical power]

   Dex+4:     It affects your dexterity (+4).
   MP+9:      It affects your magic capacity (+9).
   rCorr:     It protects you from acid and corrosion.
 R - the ring of Amoawouk {*Corrode Fly rElec Str-5 Dex+7}
   (You found it on level 12 of the Dungeon)

   [ring of flight]

   Str-5:     It affects your strength (-5).
   Dex+7:     It affects your dexterity (+7).
   rElec:     It insulates you from electricity.
   Fly:       It grants you flight.
   *Corrode:  It may corrode you when you take damage.
 V - a ring of poison resistance
Wands
 C - a wand of iceblast (9)
 I - a wand of digging (5)
 O - a wand of flame (29)
 W - a wand of paralysis (4)
 X - a wand of light (9)
Scrolls
 h - 4 scrolls of immolation
 o - a scroll of revelation
 s - 2 scrolls of blinking
 v - 2 scrolls of enchant armour
 w - 5 scrolls of fog
 y - a scroll of brand weapon
 z - 2 scrolls of silence
 B - a scroll of torment
 F - 2 scrolls of enchant weapon
 T - 2 scrolls of fear
 Y - 3 scrolls of teleportation
Potions
 b - 4 potions of lignification
 c - a potion of invisibility
 e - 4 potions of might
 g - 2 potions of heal wounds
 l - 6 potions of curing
 p - 3 potions of berserk rage
 x - a potion of enlightenment
 D - 3 potions of attraction
 G - a potion of haste
 L - 2 potions of magic
 N - a potion of ambrosia
 S - a potion of mutation
 U - a potion of cancellation
Miscellaneous
 a - a phantom mirror


   Skills:
 + Level 16.1 Fighting
 - Level 18.0 Long Blades
 + Level 6.3 Armour
 - Level 14.0 Dodging
 - Level 8.0 Shields


You had 15 spell levels left.
You didn't know any spells.
Your spell library contained the following spells:

 Spells                   Type           Power      Damage    Failure   Level
 Apportation              Tloc           0%         N/A       86%         1
 Necrotise                Necr           0%         1d4       86%         1
 Slow                     Hex            0%         N/A       86%         1
 Summon Small Mammal      Summ           0%         N/A       86%         1
 Blink                    Tloc           0%         N/A       95%         2
 Cigotuvi's Dreadful Rot  Necr/Pois/Air  0%         N/A       95%         2
 Lesser Beckoning         Tloc           0%         N/A       95%         2
 Momentum Strike          Conj/Tloc      0%         3d8       95%         2
 Scorch                   Fire           0%         2d5       95%         2
 Confusing Touch          Hex            0%         N/A       99%         3
 Hailstorm                Conj/Ice       0%         3d3       99%         3
 Ignite Poison            Fire/Tmut/Pois 0%         N/A       99%         3
 Ozocubu's Armour         Ice            0%         N/A       99%         3
 Sigil of Binding         Hex            0%         N/A       99%         3
 Vampiric Draining        Necr           0%         2d6       99%         3
 Flame Wave               Conj/Fire      0%         2d4       100%        4
 Summon Ice Beast         Ice/Summ       0%         N/A       100%        4
 Vhi's Electric Charge    Tloc/Air       0%         N/A       100%        4
 Arcjolt                  Conj/Air       0%         1d10      100%        5
 Freezing Cloud           Conj/Ice/Air   0%         6-21      100%        5
 Iskenderun's Battlesphe  Conj           0%         2d6       100%        5
 Bombard                  Conj/Erth      0%         9d1       100%        6
 Plasma Beam              Fire/Air       0%         2x1d10    100%        6
 Simulacrum               Ice/Necr       0%         N/A       100%        6
 Summon Cactus Giant      Summ           0%         N/A       100%        6
 Ozocubu's Refrigeration  Ice            0%         4d7       100%        7
 Spellforged Servitor     Conj/Summ      0%         N/A       100%        7


Dungeon Overview and Level Annotations

Branches:
Dungeon (15/15)            Temple (1/1) D:6            Lair (5/5) D:9
 Shoals (0/4) Lair:3       Spider (0/4) Lair:2        Slime (0/5) Lair:4
    Orc (2/2) D:11            Elf (2/3) Orc:2        Vaults (0/5) D:14
 Depths (0/4) D:15        Ossuary (visited)          Bailey (visited)
Gauntlet (visited)

Altars:
Ashenzari
Cheibriados
Dithmenos
Elyvilon
Fedhas
Gozag
Hepliaklqana
Kikubaaqudgha
Makhleb
Nemelex Xobeh
Okawaru
Qazlal
Ru
Sif Muna
Trog
Uskayaw
Vehumet
Wu Jian
Xom
Yredelemnul
Zin
The Shining One
Jiyva

Shops:
D:8 :   D:9 *   D:10 **   Orc:2 [**((   Elf:2 !

Annotations:
D:13 3 runed translucent doors
D:15 2 runed translucent doors, Igumek's ghost, adept OpBr


Innate Abilities, Weirdness & Mutations

You have large cloven feet.
Your body sometimes deteriorates upon taking damage.
You are resistant to electric shocks. (rElec)


Message History

* * * LOW HITPOINT WARNING * * *
You feel better.
The deep elf archer shoots an arrow.
You block the arrow.
The deep elf archer unwields a +0 longbow.
The deep elf archer wields a +0 dagger.
You block the deep elf archer's attack.
Your shield discharges, shocking the deep elf archer!
The deep elf archer shoots an arrow.
You block the arrow.
You hit the deep elf archer.
The deep elf archer is heavily wounded.
The deep elf archer gestures wildly while chanting.
The deep elf archer blinks!
You miss the deep elf archer.
The deep elf archer is heavily wounded.
You block the deep elf archer's attack.
You slash the deep elf archer!
You feel better.
The deep elf archer is severely wounded.
The +0 heavy flail hits you but does no damage.
The deep elf archer points at you and mumbles some strange words.
You are confused.
You slash the deep elf archer!
You feel better.
The deep elf archer is almost dead.
The deep elf archer casts a spell.
The deep elf archer blinks!
The +0 heavy flail closely misses you.
You bump into the rock wall.
The deep elf archer points at you and mumbles some strange words.
You easily resist.
The +0 heavy flail hits you!
* * * LOW HITPOINT WARNING * * *
You barely miss the deep elf archer.
The deep elf archer is almost dead.
The deep elf archer hits you with a +0 dagger.
* * * LOW HITPOINT WARNING * * *
The +0 heavy flail hits you but does no damage.
The deep elf archer shoots an arrow.
The arrow hits you!
* * * LOW HITPOINT WARNING * * *
You bump into the rock wall.
The deep elf archer gestures wildly while chanting.
The deep elf archer blinks!
The +0 heavy flail hits you!
* * * LOW HITPOINT WARNING * * *
Your body deteriorates!
You feel clumsy.
The deep elf archer shoots an arrow.
The arrow hits you!
You die...

..... #... # #...
#.... .∩#. .
#.#.. ....
######.#e# .#.##
......#.###
#.....
#.....§@.##......
#.##+##.(!.......
#...#).))..e...
+.<))).........
#...#..........
#.##+##..........
#........##......
####.#e#.# ####.#
#..###.# #


You could see 3 deep elf archers and a +0 heavy flail.

Vanquished Creatures
  A storm dragon (D:13)
  A fire giant (D:14)
  An iron dragon (D:14)
  A cacodemon (Gauntlet)
  2 spark wasps (D:13)
  2 minotaurs
  An ettin (D:14)
  A deep elf death mage (Elf:1)
  Josephine (D:13)
  Fannar (Lair:3)
  Harold (Orc:1)
  4 ogre magi
  A vault guard (D:14)
  7 hydras
  The ghost of Unit the Thaumaturge, a journeyman DjHW of Gozag (Orc:2)
  A ghost crab (Gauntlet)
  A catoblepas (Lair:5)
  3 boulder beetles
  7 centaur warriors
  16 two-headed ogres
  6 dancing weapons
  8 death yaks (Lair:5)
  A deep troll shaman (Lair:5)
  2 deep troll earth magi (D:14)
  2 orc high priests
  A shock serpent (D:13)
  3 tengu warriors
  Urug (D:13)
  9 deep elf knights
  Sonja (Orc:1)
  2 skysharks
  2 sixfirhies (D:13)
  A skeletal warrior (D:14)
  A flayed ghost (D:14)
  An arcanist (D:14)
  A deep elf archer (Elf:2)
  20 deep elf pyromancers
  A lindwurm (Lair:5)
  12 deep elf zephyrmancers
  A necromancer (Lair:5)
  An orc sorcerer (Bailey)
  15 ugly things
  A salamander (shapeshifter) (D:14)
  9 cyclopes
  20 elephants
  4 manticores
  4 black mambas (Lair:5)
  Joseph (D:9)
  3 gargoyles
  5 cane toads
  2 efreet
  4 komodo dragons
  A yaktaur (D:12)
  5 tengu conjurers
  A kobold demonologist (Bailey)
  A meliai (Lair:2)
  A polar bear (Lair:5)
  8 trolls
  9 blink frogs
  Grinder (D:5)
  A snapping turtle (Lair:3)
  6 dream sheep (Lair:5)
  2 water elementals
  8 wraiths
  13 slime creatures
  Eustachio (D:6)
  A shadow (D:12)
  4 wyverns
  28 yaks
  3 basilisks
  Grum (D:11)
  A hog (shapeshifter) (D:13)
  9 vampire mosquitoes
  A steam dragon (D:7)
  3 neqoxecs (Gauntlet)
  4 wargs
  7 water moccasins
  3 acid dragons
  4 black bears
  23 orc warriors
  An ice beast (D:8)
  35 ogres
  3 boggarts (D:14)
  16 wolves
  8 centaurs
  3 phantoms
  2 kobold brigands
  An elf zombie (Ossuary)
  8 bullfrogs
  An earth elemental (Elf:1)
  4 scorpions
  4 killer bees (Lair:2)
  3 howler monkeys (D:10)
  9 orc priests
  A gnoll bouda (D:6)
  3 jellies
  A sleepcap (D:5)
  Jessica (D:2)
  6 iguanas
  19 orc wizards
  6 hell rats (Lair:3)
  4 polar bear simulacra (Lair:5)
  A yak simulacrum (Lair:5)
  6 wolf simulacra (Lair:5)
  4 mummies (Ossuary)
  2 hound zombies (Ossuary)
  11 gnolls
  5 adders
  A shadow imp (D:5)
  A white imp (D:6)
  6 ufetubi (D:6)
  An adder zombie (Ossuary)
  A dart slug (D:3)
  48 orcs
  4 ball pythons
  3 bats
  5 endoplasms
  2 giant cockroaches (D:1)
  14 goblins
  7 hobgoblins
  19 kobolds
  A quokka (D:2)
  3 frilled lizards
  A gnoll zombie (Ossuary)
  3 goblin zombies (Ossuary)
  A hobgoblin zombie (Ossuary)
  A jackal zombie (D:10)
  An orc zombie (Ossuary)
  4 rats
  2 rat zombies (Ossuary)
646 creatures vanquished.

Vanquished Creatures (others)
  A centaur (D:15)
1 creature vanquished.

Grand Total: 647 creatures vanquished

Notes
Turn   | Place    | Note
-------+----------+-------------------------------------------
     0 | D:1      | PurpleRed the Deep Elf Berserker began the quest for the
                  | Orb.
     0 | D:1      | Reached XP level 1. HP: 13/13 MP: 3/3
    77 | D:1      | Reached skill level 3 in Long Blades
   138 | D:2      | Reached XP level 2. HP: 17/18 MP: 4/4
   271 | D:2      | Noticed Jessica
   283 | D:2      | Killed Jessica
   284 | D:2      | Reached XP level 3. HP: 22/22 MP: 5/5
   388 | D:3      | Reached ** piety under Trog
   655 | D:4      | Noticed a phantom
   656 | D:4      | Reached skill level 4 in Long Blades
   656 | D:4      | Reached XP level 4. HP: 28/28 MP: 6/6
   669 | D:3      | Killed a phantom
   670 | D:3      | Reached XP level 5. HP: 32/32 MP: 7/7
   859 | D:4      | Found a bloodstained altar of Trog.
   899 | D:5      | Entered Level 5 of the Dungeon
   915 | D:5      | Reached skill level 5 in Long Blades
   958 | D:5      | Noticed a water moccasin
   972 | D:5      | Killed a water moccasin
   973 | D:5      | Reached XP level 6. HP: 38/38 MP: 8/8
  1022 | D:5      | Reached skill level 6 in Long Blades
  1022 | D:5      | Reached XP level 7. HP: 44/44 MP: 9/9
  1064 | D:5      | Found a shimmering blue altar of Sif Muna.
  1187 | D:5      | Reached skill level 7 in Long Blades
  1376 | D:5      | Reached skill level 5 in Fighting
  1388 | D:5      | Reached XP level 8. HP: 43/49 MP: 10/10
  1420 | D:5      | Found a sand-covered staircase.
  1427 | Ossuary  | Entered an ossuary
  1594 | Ossuary  | Reached *** piety under Trog
  1745 | D:5      | Reached skill level 8 in Long Blades
  1803 | D:5      | Noticed Grinder
  1806 | D:5      | Paralysed by Grinder for 4 turns
  1818 | D:5      | Paralysed by Grinder for 4 turns
  1830 | D:5      | Killed Grinder
  1995 | D:7      | Found a snail-covered altar of Cheibriados.
  2002 | D:7      | Reached skill level 9 in Long Blades
  2092 | D:7      | Reached XP level 9. HP: 55/55 MP: 11/11
  2122 | D:7      | Noticed a gargoyle
  2139 | D:7      | Killed a gargoyle
  2151 | D:7      | Found a faded altar of an unknown god.
  2151 | D:7      | Found a hazy altar of Hepliaklqana.
  2162 | D:7      | Identified a scroll of acquirement
  2175 | D:7      | Acquired a manual of Fighting
  2408 | D:7      | Found a flagged portal.
  2420 | Bailey   | Entered a bailey
  2482 | Bailey   | Reached skill level 10 in Long Blades
  2600 | Bailey   | Found an iron altar of Okawaru.
  2600 | Bailey   | Noticed an orc sorcerer
  2600 | Bailey   | Noticed a kobold demonologist
  2603 | Bailey   | Noticed an orange demon
  2611 | Bailey   | Noticed a rust devil
  2611 | Bailey   | Killed a kobold demonologist
  2620 | Bailey   | Killed an orc sorcerer
  2832 | D:6      | Found a shadowy altar of Dithmenos.
  2873 | D:6      | Found a staircase to the Ecumenical Temple.
  2882 | D:6      | Reached skill level 5 in Dodging
  2884 | D:6      | Noticed Eustachio
  2895 | D:6      | Killed Eustachio
  2896 | D:6      | Reached XP level 10. HP: 64/64 MP: 12/12
  2901 | D:6      | Reached **** piety under Trog
  2928 | Temple   | Entered the Ecumenical Temple
  3022 | D:8      | Found a sparkling altar of Nemelex Xobeh.
  3114 | D:8      | Reached skill level 11 in Long Blades
  3351 | D:10     | Entered Level 10 of the Dungeon
  3448 | D:9      | Noticed a two-headed ogre
  3457 | D:9      | Killed a two-headed ogre
  3536 | D:8      | Found Pahirelay's Vocational Training.
  3699 | D:9      | Noticed Joseph
  3715 | D:9      | Killed Joseph
  3819 | D:9      | Reached skill level 12 in Long Blades
  3824 | D:9      | Reached ***** piety under Trog
  3850 | D:9      | Found a staircase to the Lair.
  3911 | D:9      | Found Nasanes's Assorted Antiques.
  3914 | D:9      | Bought a metallic orange potion for 22 gold pieces
  3914 | D:9      | Bought a scroll labelled QESTRI KAUNOO for 25 gold pieces
  3931 | D:9      | Noticed a manticore
  3936 | D:9      | Killed a manticore
  3967 | D:9      | Reached XP level 11. HP: 72/72 MP: 13/13
  4030 | D:11     | Noticed a two-headed ogre
  4036 | D:11     | Killed a two-headed ogre
  4109 | D:10     | Found Zaent's General Store.
  4110 | D:10     | Found Tidaguqo's Specific Store.
  4123 | D:10     | Bought a scroll of identify for 30 gold pieces
  4126 | D:10     | Bought a potion of cancellation for 120 gold pieces
  4139 | D:10     | Found a runed translucent door.
  4142 | D:10     | Found a basalt altar of Yredelemnul.
  4222 | D:10     | Noticed a two-headed ogre
  4243 | D:10     | Killed a two-headed ogre
  4244 | D:10     | Reached skill level 10 in Fighting
  4343 | D:11     | Found a staircase to the Orcish Mines.
  4396 | Orc:1    | Entered Level 1 of the Orcish Mines
  4649 | Lair:1   | Entered Level 1 of the Lair of Beasts
  4748 | Lair:1   | Reached skill level 13 in Long Blades
  4881 | Lair:2   | Found a hole to the Spider Nest.
  4920 | Lair:3   | Noticed an eight-headed hydra
  4932 | Lair:3   | Killed a 16-headed hydra
  4996 | Lair:2   | Noticed an eight-headed hydra
  5016 | Lair:2   | Killed a 15-headed hydra
  5209 | Lair:3   | Reached skill level 14 in Long Blades
  5278 | Lair:3   | Reached XP level 12. HP: 81/81 MP: 14/14
  5326 | Lair:3   | Noticed an eight-headed hydra
  5347 | Lair:3   | Received a gift from Trog
  5350 | Lair:3   | Killed a 14-headed hydra
  5450 | Lair:3   | Found a staircase to the Shoals.
  5542 | Lair:4   | Noticed a seven-headed hydra
  5562 | Lair:4   | Killed a two-headed hydra
  5634 | Lair:3   | Noticed Fannar
  5640 | Lair:3   | Killed Fannar
  5685 | Lair:4   | Found a staircase to the Slime Pits.
  5686 | Lair:4   | Found a viscous altar of Jiyva.
  5735 | Lair:5   | Entered Level 5 of the Lair of Beasts
  5774 | Lair:4   | Reached skill level 10 in Dodging
  5777 | Lair:5   | Noticed a boulder beetle
  5799 | Lair:5   | Killed a boulder beetle
  5930 | Lair:5   | Reached XP level 13. HP: 90/90 MP: 15/15
  6232 | Lair:5   | Reached ****** piety under Trog
  6478 | Lair:5   | Reached skill level 15 in Long Blades
  6611 | Lair:5   | Received a gift from Trog
  6790 | Lair:5   | Identified the +3 hand axe of Ujoe {pain, Str+3 Int+2 SInv}
  6948 | D:11     | Noticed Grum
  6965 | D:11     | Killed Grum
  7153 | D:12     | Reached XP level 14. HP: 96/96 MP: 16/16
  7177 | D:12     | Reached skill level 5 in Armour
  7476 | D:12     | Identified the ring of Rumef {rCorr MP+9 Dex+4}
  7484 | D:12     | Identified the amulet "Lusiall" {+Inv rF+ Regen+ rCorr
                  | Str-2}
  7505 | D:12     | Reached skill level 16 in Long Blades
  7521 | D:12     | Identified the ring "Icau" {Str+3 Int+4 Dex-5 SInv}
  7535 | D:12     | Identified the ring of Amoawouk {*Corrode Fly rElec Str-5
                  | Dex+7}
  7753 | D:14     | Noticed Josephine
  7764 | D:13     | Killed Josephine
  7962 | D:13     | Reached skill level 15 in Fighting
  7979 | D:13     | Found a runed translucent door.
  7985 | D:13     | Found a runed translucent door.
  7985 | D:13     | Found a runed translucent door.
  7985 | D:13     | Found the +5 Storm Queen's Shield {shock, Fly rElec}
  8031 | D:13     | Found a runed translucent door.
  8259 | D:14     | Received a gift from Trog
  8324 | D:15     | Entered Level 15 of the Dungeon
  8339 | D:15     | Found the dreamshard necklace {Acrobat *Dream}
  8339 | D:15     | Noticed Igumek's ghost (adept OpBr)
  8363 | D:15     | Found a runed translucent gate.
  8363 | D:15     | Found a runed translucent gate.
  8384 | D:15     | Found a gate leading to a gauntlet.
  8389 | Gauntlet | Entered a Gauntlet
  8389 | Gauntlet | Found a transporter.
  8392 | Gauntlet | Found a transporter.
  8393 | Gauntlet | Found a transporter.
  8397 | Gauntlet | Found a transporter.
  8398 | Gauntlet | Found a transporter.
  8399 | Gauntlet | Found a transporter.
  8405 | Gauntlet | Noticed a cacodemon
  8408 | Gauntlet | Found a transporter.
  8408 | Gauntlet | Found a transporter.
  8427 | Gauntlet | Found a transporter.
  8429 | Gauntlet | Found a transporter.
  8457 | Gauntlet | Found a transporter.
  8465 | Gauntlet | Found a transporter.
  8517 | Gauntlet | Identified the +0 hat of New Discoveries {rN+ Str-4 Dex+3
                  | Stlth+}
  8544 | Gauntlet | Identified the +2 pair of gloves of Card Tricks {Harm rPois
                  | Str-3}
  8547 | Gauntlet | Gained mutation: You are weak. (Str -2) [a cacodemon]
  8556 | Gauntlet | Killed a cacodemon
  8558 | Gauntlet | Gained mutation: You are clumsy. (Dex -2) [a neqoxec]
  8576 | Gauntlet | Lost mutation: You are weak. (Str -2) [potion of mutation]
  8576 | Gauntlet | Lost mutation: You are clumsy. (Dex -2) [potion of
                  | mutation]
  8576 | Gauntlet | Gained mutation: Your body sometimes deteriorates upon
                  | taking damage. [potion of mutation]
  8576 | Gauntlet | Gained mutation: You are resistant to electric shocks.
                  | (rElec) [potion of mutation]
  8576 | Gauntlet | Gained mutation: You have large cloven feet. [potion of
                  | mutation]
  8624 | Gauntlet | Identified the +1 ring mail of the Valley of Death {rC+
                  | rCorr}
  8824 | D:14     | Reached skill level 17 in Long Blades
  8885 | D:14     | Identified the +5 chain mail of Weirdness {Rampage Drain
                  | Will+ Str+8}
  8924 | D:14     | Reached XP level 15. HP: 96/103 MP: 17/17
  8955 | D:14     | Noticed a fire giant
  8964 | D:14     | Killed a fire giant
  9068 | D:14     | Noticed an iron dragon
  9096 | D:14     | Killed an iron dragon
  9181 | D:14     | Paralysed by a centaur for 5 turns
  9211 | D:15     | Reached skill level 1 in Shields
  9406 | D:14     | Found a gate to the Vaults.
  9442 | D:13     | Noticed Urug
  9457 | D:13     | Killed Urug
  9519 | D:13     | Noticed a storm dragon
  9556 | D:13     | Killed a storm dragon
  9564 | D:13     | Received a gift from Trog
  9746 | Orc:2    | Entered Level 2 of the Orcish Mines
  9746 | Orc:2    | Found Xoetuf's Antique Armour Boutique.
  9996 | Orc:2    | Reached skill level 5 in Shields
 10020 | Orc:2    | Found Poum Oghe's Assorted Antiques.
 10058 | Orc:2    | Bought a bloodstained cloak for 256 gold pieces
 10058 | Orc:2    | Identified the +1 cloak of Dasilaef {-Tele rN++} (You
                  | bought it in a shop on level 2 of the Orcish Mines)
 10074 | Orc:2    | Found Essiqioza's Antique Weapon Emporium.
 10075 | Orc:2    | Found Onasoiw's Assorted Antiques.
 10075 | Orc:2    | Found Camip's Weapon Shop.
 10098 | Orc:2    | Found a runed translucent gate.
 10098 | Orc:2    | Found a runed translucent gate.
 10099 | Orc:2    | Found a runed translucent gate.
 10112 | Orc:2    | Noticed Unit's ghost (journeyman DjHW)
 10122 | Orc:2    | Killed Unit's ghost
 10138 | Orc:2    | Identified the +8 chain mail of the Pure Lies {rC+}
 10173 | Orc:2    | Received a gift from Trog
 10295 | Orc:1    | Noticed Harold
 10312 | Orc:1    | Killed Harold
 10471 | Orc:1    | Noticed Sonja
 10484 | Orc:1    | Killed Sonja
 10533 | Orc:2    | Found a staircase to the Elven Halls.
 10543 | Vaults:5 | Identified the "Maton"
 10543 | Depths:2 | Identified the "Vamyud"
 10543 | Elf:1    | Entered Level 1 of the Elven Halls
 10619 | Elf:1    | Reached XP level 16. HP: 73/110 MP: 18/18
 10847 | Elf:1    | Reached skill level 18 in Long Blades
 10865 | Elf:1    | Received a gift from Trog
 11008 | Elf:2    | Found Faupneum's Distillery.
 11035 | Elf:2    | Shot with an arrow by a deep elf archer

Illustrated notes

Levels and vault maps discovered:
D:1:      lightli_arrival_noodles, layout_basic
D:2:      layout_loops_ring, serial_forest, infiniplex_forest_corner_1,
          infiniplex_forest_clump_small, infiniplex_forest_end_2,
          infiniplex_forest_join, infiniplex_forest_straight_4,
          infiniplex_forest_corner_2, shapermc_ecumenical_altar_ellora,
          uniq_jessica
D:3:      minmay_chambers_of_threes, layout_rooms, st_stairs_7,
          serial_bayou_crossing
D:4:      layout_basic, mainiacjoe_overflow_six_doors_small
D:5:      cheibrodos_barr_body, layout_basic, nicolae_sif_muna_condensation,
          chequers_ossuary_entry_cave, uniq_grinder
D:6:      layout_basic, grunt_dithmenos_shadows, minmay_temple_entry_waves,
          grunt_ministairs_7, nicolae_shop_self_help, uniq_eustachio
D:7:      layout_loops_ring, mainiacjoe_overflow_catwalk,
          beargit_hepliaklqana_dungeon_heroes, enter_bailey_3
D:8:      layout_layer_cave, nemelex_spade_bored_becter, minmay_statues_item,
          nicolae_shop_vocational
D:9:      layout_roguey, erik_lair_orcish_takeover, serial_shops,
          nicolae_shop_window_shopping, chequers_garden, uniq_joseph
D:10:     layout_loops_ring, dk_yredelemnul_ordeal, nicolae_specific_store
D:11:     minmay_slanted_spiral_squares, layout_rooms, orc_0_dummy,
          serial_shops, shop, uniq_grum
D:12:     minmay_the_grid_triangle_9x9_recursive_3
          [minmay_the_grid_triangle_9x9_negative_grid,
          minmay_the_grid_triangle_9x9_wacky_v,
          minmay_the_grid_triangle_9x9_intruding_spiral,
          minmay_the_grid_triangle_9x9_prize_special,
          minmay_the_grid_triangle_9x9_zippers_horizontal,
          minmay_the_grid_triangle_9x9_thin_v,
          minmay_the_grid_triangle_9x9_corruption,
          minmay_the_grid_triangle_9x9_shrine,
          minmay_the_grid_triangle_9x9_swiss_cheese], layout_basic,
          gammafunk_ghost_wrathful_warriors, uniq_maurice
D:13:     layout_roguey, st_stairs_7, nicolae_guarded_unrand_storm_shield,
          uniq_urug
D:14:     lemuel_traditional_vault, layout_basic, erik_vaults_1, serial_shops,
          statue_bzr, minmay_misc_feat_columns, uniq_josephine
D:15:     gammafunk_enter_depths_forms, layout_basic, gauntlet_entry_generic,
          gammafunk_ghost_necromancy, hangedman_abyss_or_decor_clamps,
          evilmike_ruin_ashenzari
Temple:   regret_index_temple_waves
Lair:1:   layout_roguey, st_stairs_8, grunt_megastairs_3
Lair:2:   layout_concentric_octagons, hellmonk_spider_entry_not_the_bees,
          minivault_24, chequers_serial_rivers_large_b
Lair:3:   layout_cave_pods, minmay_shoals_entry_hut, uniq_fannar, uniq_snorg
Lair:4:   layout_cave_shapes, minmay_slime_entry_pillars
Lair:5:   grunt_lair_end_beastmaster, layout_gridlike, eino_house_with_fridge
Orc:1:    layout_diamond_mine, uniq_harold, uniq_sonja
Orc:2:    st_orc_ogre_mass, layout_caves, maelrawn_ghost_gauntlet_escape,
          basic_altar, serial_shops, shop, abandoned_shop
Elf:1:    nicolae_elf_arrival_fired_up, layout_gridlike, serial_shops,
          nicolae_shop_tiny_statue_garden, hangedman_elven_crosses_minicolossus,
          abandoned_shop
Elf:2:    elven_hall_of_blades_hangedman_original [mumra_blade_entry_bloodbath],
          layout_loops_cross, serial_shops, shop

Skill      XL: |  1  2  3  4  5  6  7  8  9 10 11 12 13 14 15 16 |
---------------+-------------------------------------------------+-----
Long Blades    | 3 4 5 6 7 9 10 12 14 15 17 18 | 18.0
Fighting       | 3 4 5 6 8 9 11 14 15 16 | 16.1
Dodging        | 5 7 8 12 14 | 14.0
Armour         | 4 6 |  6.3
Shields        | 5 8 |  8.0

Action                     |  1- 3 |  4- 6 |  7- 9 | 10-12 | 13-15 | 16-18 || total
---------------------------+-------+-------+-------+-------+-------+-------++-------
  Melee: Falchion          |    89 |    49 |   316 |       |       |       ||   454
         Punch             |       |     1 |     5 |    13 |    15 |       ||    34
         Scimitar          |       |       |    29 |   617 |  1275 |   153 ||  2074
         Long sword        |       |       |       |     6 |     1 |       ||     7
         Great sword       |       |       |       |     6 |    10 |       ||    16
   Fire: Shortbow          |       |       |    24 |       |       |       ||    24
  Throw: Dart              |       |       |       |     4 |     2 |       ||     6
 Invoke: Berserk           |     1 |     5 |     9 |     9 |    14 |       ||    38
         Trog's Hand       |       |       |     1 |     1 |     2 |       ||     4
  Evoke: Wand              |       |       |       |     2 |       |       ||     2
    Use: Scroll            |     4 |     3 |    10 |     3 |     9 |     1 ||    30
         Potion            |       |       |       |       |     9 |     1 ||    10
   Stab: Distracted        |       |       |     1 |       |     1 |       ||     2
         Invisible         |       |       |       |     6 |     1 |       ||     7
 Armour: Animal skin       |    39 |     7 |       |       |       |       ||    46
         Ring mail         |       |    18 |   115 |   363 |   833 |   100 ||  1429
         Steam dragon scal |       |       |    65 |     2 |       |       ||    67
  Dodge: Dodged            |    53 |    18 |   141 |   367 |   877 |    64 ||  1520
  Block: Other             |       |     6 |    69 |   108 |    79 |       ||   262
         Kite shield       |       |       |       |       |   240 |   116 ||   356
         Buckler           |       |       |       |       |    48 |       ||    48

Table legend: (Time is in decaauts)
 A = Elapsed time spent in this place.
 B = Non-inter-level travel time spent in this place.
 C = Inter-level travel time spent in this place.
 D = Time resting spent in this place.
 E = Time spent auto-exploring this place.
 F = Levels seen in this place.
 G = Mean time per level.
                   A        B        C        D        E       F      G
               +--------+--------+--------+--------+--------+-----+--------+
         Total |  10875 |  10325 |    550 |      0 |      0 |  28 |  388.4 |
       Dungeon |   6620 |   6195 |    425 |      0 |      0 |  15 |  441.3 |
        Temple |      1 |      1 |      0 |      0 |      0 |   1 |    1.0 |
          Lair |   2129 |   2021 |    108 |      0 |      0 |   5 |  425.8 |
  Orcish Mines |    896 |    880 |     16 |      0 |      0 |   2 |  448.0 |
   Elven Halls |    454 |    454 |      0 |      0 |      0 |   2 |  227.0 |
       Ossuary |    188 |    188 |      0 |      0 |      0 |   1 |  188.0 |
        Bailey |    328 |    328 |      0 |      0 |      0 |   1 |  328.0 |
      Gauntlet |    255 |    255 |      0 |      0 |      0 |   1 |  255.0 |
               +--------+--------+--------+--------+--------+-----+--------+

Top non-repeatable levels by time:
  Lair:5: 923 daAuts
    D:12: 777 daAuts
    D:14: 745 daAuts
     D:5: 710 daAuts
    D:13: 700 daAuts
     D:9: 640 daAuts
     D:7: 488 daAuts
    D:10: 482 daAuts
  Lair:3: 478 daAuts
   Orc:2: 465 daAuts
     D:8: 431 daAuts
   Orc:1: 431 daAuts
   Elf:1: 395 daAuts
     D:3: 348 daAuts
  Bailey: 328 daAuts
